 Dungeon Sprint DCSS version 0.19.5 (webtiles) character file.

453 Mesmaeker13 the Grappler (level 6, -1/71 HPs)
             Began as a Troll Berserker on Apr 4, 2017.
             Was a Believer of Trog.
             Slain by a centaur warrior (4 damage)
             ... in the Dungeon (Sprint I: "Red Sonja").
             The game lasted 00:01:41 (305 turns).

Mesmaeker13 the Grappler (Troll Berserker)           Turns: 305, Time: 00:01:42

Health: -1/71      AC:  5    Str: 28    XL:     6   Next: 75%
Magic:  5/5        EV: 13    Int:  3    God:    Trog [**....]
Gold:   164        SH:  0    Dex:  9    Spells: 0 memorised, 5 levels left

rFire  + . .     SeeInvis .       - Unarmed
rCold  . . .     Gourm    +     j - +0 robe {rF+}
rNeg   . . .     Faith    .     (no shield)
rPois  .         Spirit   .     (helmet restricted)
rElec  .         Reflect  .     (no cloak)
rCorr  .         Harm     .     (gloves unavailable)
MR     ++...     NoTele   +     (boots unavailable)
Stlth  +.........               (no amulet)
                                (no ring)
                                (no ring)

@: regenerating
A: unfitting armour, claws 3, fast metabolism 3, gourmand, regeneration 1,
shaggy fur 1, tough skin 2
a: Berserk, Trog's Hand, Burn Spellbooks, Renounce Religion


You were in the Dungeon.
You worshipped Trog.
Trog was pleased with you.
You were completely stuffed.

You visited 1 branch You collected 308 gold pieces.
You spent 144 gold pieces at shops.

Inventory:

Armour
 j - a +0 robe of fire resistance (worn)
Scrolls
 h - a scroll of blinking
Potions
 e - a potion of haste
 f - 2 potions of magic
 g - a potion of berserk rage
 k - 3 potions of might
Comestibles
 a - a meat ration
 b - 2 bread rations
 i - a chunk of flesh


   Skills:
 + Level 7.5 Fighting
 + Level 7.4 Dodging
 + Level 9.0 Unarmed Combat


You had 5 spell levels left.
You didn't know any spells.

Dungeon Overview and Level Annotations

Branches:
Dungeon (1/1)

Altars:
Cheibriados
Dithmenos
Elyvilon
Fedhas
Gozag
Hepliaklqana
Kikubaaqudgha
Nemelex Xobeh
Okawaru
Qazlal
Ru
Sif Muna
Trog
Uskayaw
Vehumet
Yredelemnul
Zin
The Shining One

Shops:
D !


Innate Abilities, Weirdness & Mutations

You are too large for most types of armour.
You have claws for hands.
Your metabolism is lightning-fast.
You like to eat raw meat.
Your natural rate of healing is unusually fast.
You are covered in fur. (AC +1)
You have very tough skin. (AC +2)


Message History

You feel much better.
The centaur warrior completely misses you.
The centaur warrior hits you. The centaur warrior hits you!
You scratch the centaur warrior but do no damage.
The centaur warrior is heavily wounded.
The centaur warrior hits you!
* * * LOW HITPOINT WARNING * * *
The centaur warrior hits you!
* * * LOW HITPOINT WARNING * * *
You claw the centaur warrior!
The centaur warrior is severely wounded.
The centaur warrior hits you.
* * * LOW HITPOINT WARNING * * *
The centaur warrior completely misses you.
The centaur warrior barely misses you.
You feel better. The centaur warrior hits you!
* * * LOW HITPOINT WARNING * * *
The centaur warrior hits you but does no damage.
The centaur warrior hits you.
You die...

############
..').#..'..#
..#..'[.#..+
####'#####'# ####
###..#...#.####§§#
__####..##.#≈§§§c#
_____##'#..§§§(§@+
_.∩..÷'..._#§≈§§c#
_..__##_.#'##+####
_____###+#(#
###### ###


You could see 2 centaur warriors.

Vanquished Creatures
  Sigmund (D)
  A yak (D)
  An ogre (D)
  A jelly (D)
  Ijyb (D)
5 creatures vanquished.

Vanquished Creatures (others)
  A gargoyle (D)
1 creature vanquished.

Grand Total: 6 creatures vanquished

Notes
Turn   | Place    | Note
-------+----------+-------------------------------------------
     0 | D        | Mesmaeker13 the Troll Berserker began the quest for the Orb.
     0 | D        | Reached XP level 1. HP: 22/22 MP: 0/0
     1 | D        | Noticed Ijyb
     9 | D        | Killed Ijyb
     9 | D        | Reached skill level 4 in Unarmed Combat
     9 | D        | Reached XP level 2. HP: 32/32 MP: 1/1
    14 | D        | Noticed an ogre
    19 | D        | Killed an ogre
    19 | D        | Reached skill level 5 in Fighting
    19 | D        | Reached skill level 5 in Dodging
    19 | D        | Reached skill level 6 in Unarmed Combat
    19 | D        | Reached XP level 3. HP: 30/42 MP: 2/2
    19 | D        | Reached XP level 4. HP: 35/50 MP: 3/3
    52 | D        | Noticed Sigmund
    63 | D        | Killed Sigmund
    63 | D        | Reached ** piety under Trog
    63 | D        | Reached skill level 8 in Unarmed Combat
    63 | D        | Reached XP level 5. HP: 32/61 MP: 4/4
    63 | D        | Reached XP level 6. HP: 36/68 MP: 5/5
    70 | D        | Killed a gargoyle
   152 | D        | Found a deep blue altar of Sif Muna.
   154 | D        | Found a radiant altar of Vehumet.
   240 | D        | Found Ystraothy's Distillery.
   240 | D        | Found an ancient bone altar of Kikubaaqudgha.
   240 | D        | Found a hazy altar of Hepliaklqana.
   240 | D        | Found a hide-covered altar of Uskayaw.
   240 | D        | Found a basalt altar of Yredelemnul.
   240 | D        | Found an opulent altar of Gozag.
   240 | D        | Found a snail-covered altar of Cheibriados.
   240 | D        | Found a sacrificial altar of Ru.
   240 | D        | Found a shadowy altar of Dithmenos.
   240 | D        | Noticed a yak
   241 | D        | Found a stormy altar of Qazlal.
   241 | D        | Found a blossoming altar of Fedhas.
   241 | D        | Found a bloodstained altar of Trog.
   241 | D        | Found an iron altar of Okawaru.
   241 | D        | Found a glowing golden altar of the Shining One.
   241 | D        | Found a glowing silver altar of Zin.
   241 | D        | Found a white marble altar of Elyvilon.
   246 | D        | Killed a yak
   246 | D        | Reached skill level 9 in Unarmed Combat
   247 | D        | Found a sparkling altar of Nemelex Xobeh.
   283 | D        | Bought a potion of might for 48 gold pieces
   283 | D        | Bought a potion of might for 48 gold pieces
   283 | D        | Bought a potion of might for 48 gold pieces
   296 | D        | Noticed a centaur warrior
   298 | D        | Noticed a centaur warrior
   305 | D        | HP: 3/71 [centaur warrior (10)]
   305 | D        | Slain by a centaur warrior

Skill      XL: |  1  2  3  4  5  6 |
---------------+-------------------+-----
Fighting       | 3 5 6 7 |  7.5
Dodging        | 3 5 6 7 |  7.4
Unarmed Combat | 4 6 8 9 |  9.0

Action                   |  1- 3 |  4- 6 || total
-------------------------+-------+-------++-------
Melee: Unarmed           |    11 |    20 ||    31
Invok: Berserk           |       |     1 ||     1
       Trog's Hand       |       |     1 ||     1
  Use: Potion            |       |     2 ||     2
  Eat: Chunk             |       |     9 ||     9
Armor: Animal skin       |     4 |       ||     4
       Robe              |       |     1 ||     1
Dodge: Dodged            |     3 |    11 ||    14
